Map: Ujari

Players

PerroDelMal - Winner!

  • Race: Zerg Zerg
  • Spawn Location: 0:00

SpaceCowboy - Winner!

  • Race: Terran Terran
  • League: Silver
  • Spawn Location: 3:00

Metasapien - Winner!

  • Race: Zerg Zerg
  • League: Platinum
  • Spawn Location: 3:00

ChazMan

  • Race: Terran Terran
  • League: Diamond
  • Spawn Location: 9:00

Pinguins

  • Race: Protoss Protoss
  • Spawn Location: 0:00

Appoc

  • Race: Protoss Protoss
  • Spawn Location: 9:00

VOD

Have the link to the VOD?

Description

Time

  • Played on: Sept. 24, 2017, 12:54 a.m.
  • Length: 13:14
Show
View Real Time Build Order
Export as new Build Order

PerroDelMal Zerg - Winner!

Build Orders: Hatch First 

Get SALT Encoding   

  12  0:03  Drone  
  13  0:08  Drone  
  14  0:22  Extractor  
  14  0:23  Drone x2, Extractor  
  14  0:28  Overlord  
  16  0:55  Drone, Hatchery  
  16  1:09  Spawning Pool  
  15  1:20  Drone  
  15  1:21  Drone x2  
  18  1:34  Overlord  
  18  1:42  Overlord  
  18  1:59  Queen, Roach Warren  
  18  2:00  Extractor x2  
  17  2:04  Overlord  
  17  2:08  Drone  
  18  2:17  Queen  
  20  2:23  Drone  
  20  2:26  Drone  
  22  2:40  Roach x2  
  26  2:44  Drone  
  26  2:51  Roach  
  29  2:57  Drone  
  30  3:02  Drone  
  30  3:04  Drone  
  32  3:08  Drone  
  32  3:11  Drone  
  34  3:18  Roach  
  36  3:23  Roach  
  38  3:28  Roach  
  38  3:33  Roach  
  42  3:37  Roach  
  44  3:45  Drone  
  44  3:46  Drone x2  
  47  3:49  Drone  
  48  3:56  Spore Crawler  
  48  4:02  Lair  
  47  4:07  Spore Crawler  
  46  4:16  Roach x2  
  50  4:17  Roach  
  50  4:52  Drone x2  
  52  4:53  Overlord x4  
  52  5:03  Hydralisk Den  
  52  5:04  Drone  
  52  5:18  Glial Reconstitution  
  52  5:22  Drone x10  
  56  5:56  Extractor  
  56  5:57  Extractor  
  54  5:59  Drone x3  
  54  6:00  Drone, Hydralisk x2  
  54  6:01  Lurker Den  
  54  6:03  Metabolic Boost  
  60  6:12  Baneling Nest  
  59  6:20  Overlord x4  
  59  6:23  Pneumatized Carapace  
  59  6:26  Zergling x6  
  62  6:33  Zergling x2  
  62  6:34  Zergling x2  
  62  6:35  Overseer  
  64  6:42  Spine Crawler  
  64  6:45  Hydralisk  
  64  6:46  Hydralisk  
  49  7:03  Hydralisk x4  
  49  7:04  Hydralisk  
  59  7:19  Drone  
  59  7:20  Drone x4  
  64  7:30  Lurker x2  
  64  7:31  Lurker  
  64  7:32  Hydralisk  
  64  7:33  Zergling x2  
  64  7:34  Zergling x2  
  71  7:41  Baneling x3  
  71  7:42  Zergling x4, Baneling  
  71  7:43  Zergling x2  
  74  7:48  Zergling x6  
  77  8:00  Burrow  
  77  8:02  Zergling x2  
  77  8:03  Zergling x6  
  81  8:15  Roach x5  
  91  8:26  Hydralisk  
  91  8:27  Hydralisk x2  
  97  8:40  Hydralisk x2  
  97  8:41  Hydralisk x2  
  101  8:43  Zergling x2  
  106  9:03  Zergling x2  
  106  9:04  Zergling x8  
  106  9:07  Baneling  
  106  9:08  Baneling x4  
  111  9:10  Centrifical Hooks  
  111  9:12  Tunneling Claws  
  111  9:14  Zergling x4  
  111  9:15  Zergling x2  
  103  9:38  Hydralisk  
  103  9:39  Hydralisk x5  
  88  10:10  Roach  
  88  10:11  Roach x4  
  82  10:33  Roach x2  
  82  10:34  Roach x3  
  92  10:39  Drone  
  87  10:46  Roach  
  89  10:55  Hydralisk x2  
  93  11:12  Hydralisk  
  93  11:13  Hydralisk x5  
  105  11:24  Hatchery  
  104  11:26  Muscular Augments  
  104  11:27  Evolution Chamber x2  
  104  11:28  Evolution Chamber, Hatchery  
  100  11:36  Infestation Pit  
  99  11:43  Roach x10  
  99  11:44  Overseer  
  99  11:48  Roach x9  
  99  11:52  Roach x9  
  88  12:19  Hydralisk  
  88  12:20  Hydralisk x8  
  76  12:39  Zergling x2  
  76  12:40  Zergling x14  
Show
View Real Time Build Order
Export as new Build Order

SpaceCowboy Terran - Winner!

Build Orders: Bio Tank 

Get SALT Encoding   

  12  0:01  SCV  
  13  0:13  SCV  
  14  0:23  Supply Depot  
  14  0:26  SCV  
  15  0:45  SCV  
  15  0:49  Barracks  
  16  0:56  Supply Depot  
  16  0:57  SCV  
  17  1:09  SCV  
  18  1:18  Barracks  
  18  1:21  SCV  
  19  1:26  Refinery  
  19  1:33  SCV  
  19  1:39  Marine  
  21  1:45  Refinery, SCV  
  22  2:01  SCV  
  22  2:03  Marine  
  24  2:12  Supply Depot  
  24  2:13  Barracks Tech Lab  
  24  2:21  Marine  
  25  2:31  Orbital Command  
  25  2:39  Barracks Tech Lab  
  25  2:40  Marauder  
  27  2:48  Factory  
  27  2:58  Supply Depot  
  27  2:59  Supply Depot  
  27  3:04  Marauder x2  
  31  3:06  Concussive Shells  
  31  3:17  SCV  
  32  3:25  Marauder  
  32  3:26  Marauder  
  36  3:40  Factory Tech Lab  
  36  3:43  Factory  
  36  3:44  SCV  
  37  3:53  Marine x2  
  39  3:56  SCV  
  40  4:04  Supply Depot  
  40  4:08  SCV  
  41  4:12  Marine x2  
  41  4:15  Stimpack, Combat Shields  
  43  4:24  Engineering Bay  
  43  4:28  Factory Tech Lab  
  42  4:40  Marine  
  42  4:41  Marine  
  42  4:43  Siege Tank  
  47  4:57  Missile Turret  
  47  5:02  Missile Turret  
  47  5:04  Missile Turret, Marine x2  
  49  5:15  Siege Tank  
  52  5:24  Missile Turret  
  52  5:26  SCV  
  53  5:42  Siege Tank  
  56  5:55  Siege Tank  
  56  5:56  Marine  
  60  5:57  Marine  
  60  6:03  Refinery x2  
  61  6:14  Marine  
  61  6:15  Marine  
  63  6:31  Command Center  
  63  6:45  Siege Tank  
  35  7:20  Siege Tank x2  
  35  7:22  Terran Infantry Weapons Level 1  
  41  7:23  Marine x2  
  43  7:40  Command Center  
  43  7:41  Marine x2  
  45  7:50  Orbital Command  
  45  7:58  SCV  
  46  7:59  Marine  
  47  8:10  SCV  
  47  8:11  Siege Tank  
  51  8:13  Siege Tank  
  54  8:32  Marauder x2  
  58  8:44  Siege Tank  
  58  8:45  Siege Tank  
  64  8:53  Marauder, Marine  
  67  9:11  Marine  
  67  9:14  Armory  
  67  9:16  Siege Tank  
  55  10:10  Siege Tank x2  
  52  10:34  Barracks x2  
  52  10:35  Barracks  
  52  10:37  Barracks  
  52  10:38  Refinery  
  52  10:42  Siege Tank  
  52  10:43  Siege Tank  
  58  11:04  Refinery  
  58  11:18  Terran Vehicle Weapons Level 1  
  58  11:24  Barracks Tech Lab  
  58  11:25  Barracks Tech Lab x3  
  58  11:37  Orbital Command  
  58  12:01  Command Center  
  58  12:14  Supply Depot  
  58  12:16  Supply Depot  
  58  12:18  Supply Depot  
  58  12:36  SCV x2  
  60  12:38  Siege Tank x2  
  60  12:40  Supply Depot  
  60  12:43  Marine x4  
  70  12:48  SCV x2  
  63  13:00  SCV  
Show
View Real Time Build Order
Export as new Build Order

Metasapien Zerg - Winner!

Build Orders: Hatch First, Swarm Host 

Get SALT Encoding   

  12  0:32  Hatchery  
  11  0:38  Overlord  
  11  0:44  Drone  
  11  0:48  Drone  
  13  1:02  Drone x2  
  15  1:18  Spawning Pool  
  14  1:20  Drone  
  14  1:24  Drone  
  16  1:27  Extractor  
  15  1:33  Drone  
  16  1:45  Drone  
  16  1:46  Drone  
  18  1:57  Drone  
  18  2:01  Drone  
  20  2:07  Drone  
  21  2:09  Drone  
  22  2:18  Hatchery  
  21  2:25  Queen  
  21  2:29  Drone  
  24  2:37  Queen  
  24  2:43  Metabolic Boost  
  26  2:46  Drone  
  26  2:48  Drone  
  28  3:00  Overlord  
  28  3:01  Overlord  
  28  3:06  Extractor  
  27  3:13  Overlord  
  27  3:14  Extractor  
  26  3:23  Drone x3  
  26  3:24  Drone x2  
  31  3:35  Drone  
  31  3:36  Drone  
  33  3:41  Drone x2  
  33  3:42  Drone x2  
  33  3:48  Drone x3  
  40  3:50  Drone  
  41  4:01  Lair  
  41  4:04  Drone x2  
  41  4:06  Drone x2  
  41  4:07  Drone  
  46  4:12  Queen  
  48  4:22  Drone  
  49  4:31  Roach Warren  
  49  4:33  Zergling x8  
  49  4:34  Zergling x6  
  49  4:35  Zergling x6  
  58  4:45  Overlord  
  58  4:46  Overlord  
  58  4:52  Extractor  
  57  5:06  Hydralisk Den, Drone  
  57  5:07  Infestation Pit  
  56  5:14  Drone x4, Nydus Network  
  56  5:16  Drone  
  56  5:17  Drone  
  56  5:20  Drone x4  
  65  5:22  Overlord x3  
  65  5:25  Drone  
  65  5:27  Drone x3  
  69  5:38  Drone  
  69  5:39  Extractor  
  69  5:45  Drone  
  69  5:47  Drone x3  
  73  5:53  Muscular Augments, Extractor  
  72  6:02  Drone  
  73  6:08  Evolution Chamber  
  73  6:09  Spine Crawler  
  72  6:16  Evolution Chamber  
  71  6:21  Drone x3  
  71  6:22  Drone  
  71  6:23  Drone x2  
  77  6:29  Drone  
  77  6:32  Overlord x4  
  78  6:33  Overlord  
  78  6:34  Zerg Missile Weapons Level 1  
  78  6:37  Swarm Host x6  
  96  6:41  Hydralisk  
  88  7:00  Hydralisk x4  
  96  7:01  Zergling x2  
  96  7:02  Swarm Host, Zergling x2  
  96  7:05  Burrow, Pneumatized Carapace  
  101  7:14  Zerg Ground Armor Level 1  
  101  7:18  Hydralisk  
  101  7:21  Zergling x6  
  101  7:22  Zergling x4  
  108  7:23  Overlord x2  
  108  7:25  Overseer  
  108  7:26  Overseer  
  108  7:50  Overseer  
  108  7:57  Swarm Host x5  
  123  8:02  Zergling x4  
  123  8:03  Overlord x3  
  125  8:09  Hive  
  125  8:15  Drone x2  
  125  8:17  Drone x2  
  129  8:27  Hydralisk x2  
  129  8:28  Hydralisk x3  
  129  8:31  Hatchery  
  138  8:39  Nydus Canal  
  138  9:22  Hydralisk x5  
  138  9:23  Hydralisk x6  
  160  9:24  Zerg Missile Weapons Level 2  
  160  9:36  Glial Reconstitution  
  160  9:39  Zerg Ground Armor Level 2  
  160  9:54  Nydus Canal  
  147  10:08  Nydus Canal  
  128  10:15  Roach, Hydralisk x5  
  128  10:16  Roach x5  
  128  10:17  Roach  
  140  10:56  Queen  
  140  10:57  Queen  
  144  11:18  Roach, Hydralisk x4  
  144  11:19  Overlord x2, Roach x3  
  160  11:40  Hatchery  
  159  11:52  Hydralisk x3  
  159  11:53  Hydralisk x2, Roach x4  
  159  11:54  Roach  
  179  11:55  Overlord x3  
  179  12:02  Hatchery  
  178  12:18  Extractor  
  178  12:20  Extractor  
  176  12:23  Nydus Canal  
  176  12:31  Extractor  
  176  12:34  Extractor  
  176  12:35  Swarm Host, Hydralisk  
  176  12:36  Swarm Host x4  
  191  12:55  Drone  
Show
View Real Time Build Order
Export as new Build Order

ChazMan Terran 

Build Orders: MMM Bio 

Get SALT Encoding   

  12  0:02  SCV  
  13  0:14  SCV  
  13  0:20  Supply Depot  
  14  0:26  SCV  
  15  0:41  SCV  
  16  0:43  Barracks  
  16  0:53  SCV  
  16  0:55  Refinery  
  17  1:05  SCV  
  18  1:12  Refinery  
  18  1:17  SCV  
  19  1:30  SCV  
  19  1:31  Supply Depot  
  20  1:42  Orbital Command  
  20  1:44  Barracks Reactor  
  20  1:57  Factory  
  20  2:08  SCV  
  21  2:19  Marine  
  21  2:20  SCV, Marine  
  24  2:40  Marine x2  
  24  2:43  Starport  
  26  2:47  Factory Tech Lab  
  26  2:52  SCV  
  26  2:54  Supply Depot  
  26  2:58  Marine x2  
  29  3:16  Siege Tank  
  32  3:25  Barracks Tech Lab  
  32  3:26  Supply Depot  
  32  3:28  Medivac x2  
  36  3:34  SCV  
  37  3:42  Command Center  
  37  3:46  Stimpack  
  37  3:54  SCV  
  38  4:07  SCV  
  38  4:09  Siege Tank  
  42  4:19  SCV, Supply Depot  
  37  4:42  Medivac  
  39  4:52  Siege Tank  
  42  5:01  Marauder  
  42  5:02  Orbital Command  
  44  5:08  Barracks  
  44  5:09  Medivac  
  46  5:22  Marauder  
  48  5:42  Medivac  
  50  5:44  Orbital Command  
  50  5:47  Concussive Shells  
  50  5:55  Barracks  
  50  6:00  Marine  
  51  6:05  Siege Tank  
  54  6:14  Refinery  
  54  6:18  Marine  
  55  6:25  Barracks Reactor  
  55  6:34  SCV x2  
  55  6:36  Marine  
  58  6:46  SCV  
  58  6:53  Marine  
  56  7:10  Marine x2  
  56  7:11  Marine  
  56  7:12  Barracks Reactor  
  56  7:13  Combat Shields  
  59  7:17  Medivac x2  
  59  7:21  Barracks  
  63  7:23  Barracks  
  63  7:29  Hellion, Marine  
  66  7:33  Armory  
  66  7:34  Engineering Bay  
  66  7:40  Refinery  
  66  7:50  Hellion  
  68  7:56  Marine x2  
  70  8:03  Supply Depot  
  70  8:05  Supply Depot  
  70  8:07  Supply Depot  
  70  8:18  Command Center  
  70  8:24  SCV x2, Marine x5  
  77  8:36  SCV  
  77  8:37  Barracks Reactor  
  77  8:38  Barracks Reactor  
  78  8:42  Supply Depot, Marine x4  
  78  8:44  Supply Depot  
  78  8:45  SCV  
  83  8:48  SCV  
  83  8:49  Terran Vehicle Weapons Level 1  
  83  8:50  Terran Infantry Weapons Level 1  
  83  8:52  Hellbat x2  
  88  9:14  Marine x9  
  97  9:22  Factory  
  97  9:31  Marine  
  97  9:32  Marine x8  
  106  9:49  Marine  
  91  10:26  Marauder  
  91  10:27  Marine x4  
  75  10:45  Marine  
  75  10:48  Marauder  
  66  10:52  Orbital Command  
  66  10:55  Terran Vehicle Weapons Level 2  
  66  10:56  Terran Infantry Weapons Level 2  
  66  11:02  Factory Tech Lab  
  66  11:04  Marine x4  
  66  11:07  Medivac  
  66  11:09  Marauder  
  66  11:10  Hellbat x2  
  78  11:14  Marine x2  
  78  11:15  Marine  
  81  11:22  Marine x4  
  85  11:31  Marauder  
  87  11:37  Medivac  
  89  11:40  Marine x4  
  89  11:43  Marine x3  
  89  11:44  Marine  
  97  11:52  Marauder  
  98  11:57  Marine  
  98  11:58  Marine x2  
  101  12:04  Marine  
  101  12:05  Marine x4  
  103  12:13  Marauder  
  105  12:15  Marine  
  105  12:16  Marine x2  
  105  12:22  Marine  
  105  12:35  Marauder  
Show
View Real Time Build Order
Export as new Build Order

Pinguins Protoss 

Build Orders:  

Get SALT Encoding   

  12  0:02  Probe (Chrono Boost)  
  13  0:17  Pylon  
  13  0:19  Probe (Chrono Boost)  
  14  0:39  Gateway  
  14  0:42  Probe (Chrono Boost)  
  15  0:51  Assimilator  
  15  0:53  Probe (Chrono Boost)  
  16  1:03  Probe (Chrono Boost)  
  17  1:14  Probe (Chrono Boost)  
  18  1:19  Pylon  
  18  1:27  Cybernetics Core  
  18  1:34  Gateway  
  18  1:37  Probe (Chrono Boost)  
  19  1:40  Assimilator  
  19  1:48  Probe (Chrono Boost)  
  20  1:56  Zealot (Chrono Boost)  
  20  1:59  Probe  
  23  2:06  Warp Gate (Chrono Boost)  
  23  2:13  Mothership Core  
  25  2:28  Adept (Chrono Boost)  
  27  2:34  Probe  
  28  2:46  Probe  
  28  2:48  Gateway  
  28  2:49  Pylon  
  29  2:57  Adept (Chrono Boost)  
  31  3:07  Probe  
  34  3:12  Pylon  
  34  3:13  Adept (Chrono Boost)  
  34  3:25  Stargate  
  34  3:26  Probe  
  35  3:35  Adept (Chrono Boost)  
  35  3:38  Probe  
  38  3:50  Probe  
  38  3:54  Adept (Chrono Boost)  
  41  4:17  Void Ray (Chrono Boost)  
  45  4:24  Adept  
  45  4:30  Pylon  
  47  4:33  Pylon  
  47  4:54  Twilight Council, Adept x2  
  51  5:05  Gateway  
  51  5:23  Pylon  
  49  5:48  Adept  
  49  5:56  Adept  
  51  6:10  Nexus  
  51  6:18  Pylon  
  51  6:19  Assimilator  
  51  6:22  Void Ray (Chrono Boost)  
  51  6:24  Resonating Glaives  
  55  6:30  Adept x2  
  43  7:14  Void Ray (Chrono Boost)  
  47  7:22  Adept x3  
  51  7:23  Adept  
  51  7:24  Probe  
  56  7:39  Stargate  
  56  7:43  Assimilator  
  60  7:51  Void Ray (Chrono Boost)  
  60  8:12  Probe  
  60  8:17  Adept x4  
  69  8:23  Probe  
  70  8:35  Probe  
  70  8:38  Protoss Air Weapons Level 1 (Chrono Boost)  
  71  8:47  Probe  
  76  8:59  Probe  
  69  9:07  Pylon  
  29  10:01  Nexus  
  5  11:12  Probe  
  6  11:22  Stalker  
  6  11:23  Probe  
  9  11:29  Void Ray (Chrono Boost)  
  13  11:33  Probe  
  14  11:44  Probe  
  15  11:56  Probe  
  6  12:17  Probe  
  6  12:20  Assimilator  
  7  12:29  Probe  
  8  12:41  Probe  
  9  12:53  Probe  
Show
View Real Time Build Order
Export as new Build Order

Appoc Protoss 

Build Orders:  

Get SALT Encoding   

  12  0:03  Probe (Chrono Boost)  
  13  0:14  Probe (Chrono Boost)  
  14  0:22  Pylon  
  14  0:24  Probe (Chrono Boost)  
  15  0:40  Probe (Chrono Boost)  
  16  0:44  Gateway  
  16  0:50  Probe (Chrono Boost)  
  16  0:52  Assimilator  
  17  1:01  Probe (Chrono Boost)  
  18  1:07  Assimilator  
  18  1:11  Probe (Chrono Boost)  
  18  1:15  Pylon  
  19  1:22  Probe (Chrono Boost)  
  21  1:33  Probe (Chrono Boost)  
  21  1:41  Cybernetics Core  
  21  1:43  Probe (Chrono Boost)  
  22  1:49  Gateway  
  22  1:54  Probe (Chrono Boost)  
  23  2:11  Pylon  
  23  2:22  Gateway  
  23  2:26  Adept  
  23  2:27  Warp Gate (Chrono Boost)  
  25  2:40  Adept  
  27  2:45  Mothership Core  
  29  2:59  Adept  
  31  3:08  Sentry  
  33  3:16  Pylon  
  33  3:24  Robotics Facility  
  33  3:31  Adept  
  33  3:32  Adept  
  37  3:53  Adept (Chrono Boost)  
  39  4:13  Immortal (Chrono Boost)  
  43  4:21  Adept x2  
  47  4:30  Pylon  
  47  4:39  Pylon  
  47  4:57  Pylon  
  47  5:05  Nexus, Immortal (Chrono Boost)  
  51  5:10  Pylon  
  51  5:18  Probe  
  52  5:28  Gateway  
  52  5:30  Probe  
  53  5:48  Immortal (Chrono Boost)  
  53  6:11  Adept  
  53  6:12  Adept x2  
  57  6:20  Probe  
  57  6:23  Immortal (Chrono Boost)  
  62  6:30  Probe  
  63  6:39  Pylon  
  63  6:41  Probe  
  62  6:56  Adept x2  
  62  6:57  Adept  
  64  7:11  Probe  
  65  7:17  Assimilator  
  65  7:21  Sentry  
  65  7:22  Probe, Sentry  
  70  7:33  Probe  
  70  7:35  Forge  
  71  7:40  Assimilator  
  71  7:43  Probe  
  76  7:52  Immortal (Chrono Boost)  
  76  7:53  Probe  
  76  7:54  Probe  
  78  8:04  Probe  
  78  8:05  Probe  
  80  8:14  Stalker x4  
  80  8:15  Probe  
  80  8:17  Probe  
  90  8:27  Probe, Protoss Ground Weapons Level 1 (Chrono Boost)  
  90  8:30  Probe  
  90  8:32  Twilight Council  
  92  8:39  Probe  
  93  8:42  Probe  
  94  8:51  Probe  
  95  9:03  Probe  
  96  9:17  Robotics Bay  
  96  9:28  Adept x3  
  102  9:45  Immortal  
  102  9:49  Pylon  
  102  9:50  Pylon  
  70  10:09  Protoss Shields Level 1 (Chrono Boost)  
  54  10:31  Observer  
  49  10:45  Colossus  
  55  11:11  Photon Cannon  
  55  11:14  Photon Cannon  
  55  11:20  Pylon  
  55  11:31  Colossus  
  45  12:40  Adept  
Tags
 
Add a new tag
Caveats
  • Supply blocks, unpowered buildings, or Contaminate may cause inaccurate times.
  • Supply counts are checked every 10 seconds.